AoeStats
← web

QS Arena

502896274Analyzed
2v2 RM · 1mo ago on Aug 29, 2026· 30m 16s· 4 players
Game mode
Random Map
Map size
Medium (4 player)
Population
200
Speed
Normal
Resources
Standard
Victory
Conquest
Starting age
Dark Age
Ending age
Imperial Age
RankedLock teamsTeams togetherTeam positionsShared explorationLock speedFull tech treeHidden civsTurbo modeCheats
Victory
Defeat
🇨🇳 Teutons · China
1209
+17
🇨🇳 Spanish · China
1203
+17
🇺🇸 Celts · United States
1322
-21
🇺🇸 Franks · United States
1148
-13
神速デュバリィ
6:50 Feudal Age
9:05 Loom
12:04 Castle Age
10:25 Double-Bit Axe
12:11 Horse Collar
16:49 Padded Archer Armor
21:17 Wheelbarrow
22:44 Fletching
25:23 Bow Saw
26:35 Husbandry
26:46 Bloodlines
29:19 Gold Mining
29:33 Heavy Plow
30:30 Leather Archer Armor
LEVI
7:44 Feudal Age
9:03 Horse Collar
10:17 Loom
13:25 Castle Age
11:56 Double-Bit Axe
14:23 Bow Saw
16:01 Heavy Plow
22:11 Wheelbarrow
24:30 Stone Mining
24:04 Man-at-Arms
25:51 Scale Barding Armor
25:58 Forging
web
8:23 Feudal Age
9:34 Double-Bit Axe
11:59 Castle Age
10:08 Horse Collar
12:53 Bow Saw
13:11 Heavy Plow
15:14 Man-at-Arms
16:04 Scale Mail Armor
16:10 Gold Mining
16:34 Long Swordsman
17:19 Scale Mail Armor
17:47 Forging
20:12 Gambesons
20:13 Arson
21:37 Chain Mail Armor
25:24 Iron Casting
28:13 Stone Mining
28:17 Loom
28:17 Town Watch
29:08 Wheelbarrow
Wildcard
9:33 Feudal Age
13:33 Castle Age
11:39 Double-Bit Axe
13:24 Loom
15:05 Bow Saw
14:49 Gold Mining
16:34 Husbandry
Connection lost

Rejoining the realm…

Still unreachable

The connection could not be restored.

Session expired

The server has moved on; the page needs a fresh start.